 Dungeon Crawl Stone Soup version 0.32-a0-132-g2d33c3cfaf (webtiles) character file.

Game seed: 13742577830054345614

92 Dittersdorf the Trooper (level 4, -2/29 HPs)
             Began as a Gargoyle Fighter on Feb 9, 2024.
             Slain by a gnoll
             ... wielding a +0 halberd
              (4 damage)
             ... on level 3 of the Dungeon.
             The game lasted 00:01:54 (1843 turns).

Dittersdorf the Trooper (Gargoyle Fighter)          Turns: 1843, Time: 00:01:54

Health: -2/29      AC: 14    Str: 22    XL:     4   Next: 60%
Magic:  4/4        EV:  8    Int:  8    God:
Gold:   155        SH:  4    Dex:  9    Spells: 3/3 levels left

rFire   . . .        a - +0 flail
rCold   . . .        c - +0 buckler
rNeg    + . .        k - +0 chain mail
rPois   ∞            (no helmet)
rElec   +            (no cloak)
rCorr   .            o - +0 pair of gloves
SInv    .            (no boots)
Will    .....        (no amulet) Stlth
                     (no ring)
HPRegen 0.24/turn    (no ring)
MPRegen 0.09/turn

%: no passive effects
@: no status effects
A: sickness immunity, AC +3, negative energy resistance 1, electricity
resistance, torment resistance 1, petrification resistance
a: no special abilities


You were on level 3 of the Dungeon.
You visited 1 branch of the dungeon, and saw 3 of its levels.

You collected 155 gold pieces.

Inventory:

Hand Weapons
 a - a +0 flail (weapon)
Missiles
 b - 2 throwing nets (quivered)
Armour
 c - a +0 buckler (worn)
 k - a +0 chain mail (worn)
 o - a +0 pair of gloves (worn)
Scrolls
 e - a scroll of noise {unknown}
 g - 3 scrolls of poison {unknown}
 j - a scroll of revelation {unknown}
 l - a scroll of vulnerability {unknown}
 m - a scroll of blinking {unknown}
 n - a scroll of teleportation {unknown}
 p - a scroll of identify {unknown}
 s - a scroll of fear {unknown}
Potions
 d - 2 potions of might
 f - 2 potions of brilliance {unknown}
 h - 2 potions of curing {unknown}
 i - a potion of mutation {unknown}
 q - a potion of lignification {unknown}
 r - a potion of magic {unknown}
 t - a potion of enlightenment {unknown}


   Skills:
 + Level 4.0 Fighting
 + Level 2.9 Maces & Flails
 + Level 4.0 Armour
 + Level 4.0 Shields


You had 3 spell levels left.
You didn't know any spells.
Your spell library contained the following spells:

 Spells                   Type           Power      Damage    Failure   Level
 Call Canine Familiar     Summ           0%         N/A       100%        3
 Sigil of Binding         Hex            0%         N/A       100%        3
 Dimensional Bullseye     Hex/Tloc       0%         N/A       100%        4


Dungeon Overview and Level Annotations

Branches:
Dungeon (3/15)

Altars:
Dithmenos
Trog


Innate Abilities, Weirdness & Mutations

You are immune to sickness and miasma.
Your stone body is resilient. (AC +3)
You are immune to poison.
You resist negative energy. (rN+)
You are resistant to electric shocks. (rElec)
You are resistant to unholy torment.
You are immune to petrification.


Message History

You closely miss the adder.
The adder is moderately wounded.
The adder bites you but does no damage. The adder barely misses you.
You sock the adder!
You kill the adder!
The bat barely misses you.
Your Shields skill increases to level 4!
The bat closely misses you. You block the bat's attack.
The gnoll hits you from afar with a +0 halberd.
The bat hits you but does no damage.
You see here an adder corpse.
You sock the bat!
You kill the bat!
The gnoll barely misses you. You block the gnoll's attack.
You block the gnoll's attack.
You see here a bat corpse.
You hit the gnoll.
The gnoll is moderately wounded.
The gnoll hits you with a +0 halberd!
You closely miss the gnoll.
The gnoll is moderately wounded.
The gnoll hits you with a +0 halberd.
You barely miss the gnoll.
The gnoll is moderately wounded.
The gnoll hits you but does no damage.
You sock the gnoll!
The gnoll is almost dead.
The gnoll hits you but does no damage.
You barely miss the gnoll.
The gnoll is almost dead.
The gnoll hits you with a +0 halberd.
You hit the ice beast but do no damage.
The gnoll hits you from afar with a +0 halberd!
* * * LOW HITPOINT WARNING * * *
You barely miss the ice beast.
The ice beast hits you but does no damage.
The gnoll barely misses you.
You closely miss the ice beast. The ice beast barely misses you.
The gnoll hits you from afar with a +0 halberd.
You die...

†####.##.......#####..###...
............................
.####†....#.#.............##
.####.###.#.#.######...##+#
....).##..#.#..>.....### #...#
.#.##.##....#######.##.# #...#
.#.##.......# #.'))# #...#
.#.##.#.....#######.##.# #.gY#
.......)..<....†@YgS.### #...#
.#.........########....####...###
.#..####...# ###.....##'##..
.#..#......##########.###.......#
...........#..........# #.#.###..
.........#.#.##.......# #...# #.#
.#....#..#.#.##.......# #.#####.#
.#...........##.......# #.###...#
.#............###÷#######........


You could see an ice beast, a gnoll and a ball python.

Vanquished Creatures
  4 adders
  3 orcs (D:3)
  4 ball pythons
  10 endoplasms
  A giant cockroach (D:3)
  7 goblins
  5 hobgoblins
  3 kobolds
  2 quokkas (D:1)
  6 bats
  A frilled lizard (D:3)
46 creatures vanquished.

Notes
Turn   | Place    | Note
-------+----------+-------------------------------------------
     0 | D:1      | Dittersdorf the Gargoyle Fighter began the quest for the
                  | Orb.
     0 | D:1      | Reached XP level 1. HP: 14/14 MP: 1/1
   157 | D:1      | Reached XP level 2. HP: 19/19 MP: 2/2
   215 | D:1      | You fall into a shaft and drop 1 floor!
   998 | D:2      | Reached XP level 3. HP: 23/23 MP: 3/3
  1388 | D:3      | Reached XP level 4. HP: 16/29 MP: 4/4
  1624 | D:3      | Found a shadowy altar of Dithmenos.
  1770 | D:3      | Found a bloodstained altar of Trog.
  1810 | D:3      | Noticed an ice beast
  1843 | D:3      | Slain by a gnoll

Illustrated notes

Levels and vault maps discovered:
D:1:      noname_arrival_rooms_in_the_neighbourhood, layout_loops_ring,
          minmay_crystal_room
D:2:      layout_rooms
D:3:      layout_basic, overflow_temple_1_default, mainiacjoe_overflow_alcove_4,
          serial_shops, shop, minmay_divided_ellipse, uniq_natasha

Skill      XL: |  1  2  3  4 |
---------------+-------------+-----
Fighting       | 4 |  4.0
Armour         | 4 |  4.0
Shields        | 4 |  4.0
Maces & Flails | |  2.9

Action                     |  1- 3 |  4- 6 || total
---------------------------+-------+-------++-------
  Melee: Flail             |   120 |    79 ||   199
 Armour: Scale mail        |    37 |       ||    37
         Chain mail        |    84 |    78 ||   162
  Dodge: Dodged            |    58 |    34 ||    92
  Block: Buckler           |    36 |    24 ||    60

Table legend: (Time is in decaauts)
 A = Elapsed time spent in this place.
 B = Non-inter-level travel time spent in this place.
 C = Inter-level travel time spent in this place.
 D = Time resting spent in this place.
 E = Time spent auto-exploring this place.
 F = Levels seen in this place.
 G = Mean time per level.
                   A        B        C        D        E       F      G
               +--------+--------+--------+--------+--------+-----+--------+
         Total |   1902 |   1840 |     62 |      6 |   1373 |   3 |  634.0 |
       Dungeon |   1902 |   1840 |     62 |      6 |   1373 |   3 |  634.0 |
               +--------+--------+--------+--------+--------+-----+--------+

Top non-repeatable levels by time:
     D:1: 778 daAuts
     D:2: 575 daAuts
     D:3: 548 daAuts
